 Dungeon Crawl Stone Soup version 0.30-a0-605-gb2882149bf (webtiles) character file.

Game seed: 17091556511031819416

4 OTABOTABOTAB the Insei (level 1, 0/13 HPs)
             Began as an Octopode Transmuter on Jan 7, 2023.
             Constricted to death by a ball python (1 damage)
             ... on level 1 of the Dungeon.
             The game lasted 00:00:33 (63 turns).

OTABOTABOTAB the Insei (Octopode Transmuter)          Turns: 63, Time: 00:00:33

Health: 0/13       AC:  1    Str:  9    XL:     1   Next: 60%
Magic:  2/3        EV: 10    Int: 15    God:
Gold:   8          SH:  0    Dex: 12    Spells: 3/4 levels left

rFire   . . .      SeeInvis .      - Unarmed
rCold   . . .      Faith    .    (no shield)
rNeg    . . .      Spirit   .    (helmet restricted)
rPois   .          Reflect  .    (no amulet)
rElec   .          Harm     .    (no ring)
rCorr   .          Rampage  .    (no ring)
Will    .....                    (no ring)
Stlth   ++                       (no ring)
HPRegen 0.22/turn                (no ring)
MPRegen 0.08/turn                (no ring)
                                 (no ring)
                                 (no ring)

@: very slightly contaminated, constricted
A: almost no armour, amphibious, 8 rings, camouflage 1, gelatinous body 1,
(nimble swimmer 1), tentacles
a: no special abilities


You were on level 1 of the Dungeon.
You visited 1 branch of the dungeon, and saw 1 of its levels.

You collected 8 gold pieces.

Inventory:

Potions
 a - a potion of lignification {!q}


   Skills:
 + Level 1.2 Fighting
 + Level 2.1 Dodging
 + Level 3.1 Unarmed Combat
 - Level 2.0 Spellcasting
 - Level 2.0 Transmutations


You had 3 spell levels left.
You knew the following spells:

 Your Spells              Type           Power      Damage    Failure   Level
a - Beastly Appendage     Tmut           14%        N/A       10%         1

Your spell library contained the following spells:

 Spells                   Type           Power      Damage    Failure   Level
 Wereblood                Tmut           7%         N/A       14%         2
 Spider Form              Tmut/Pois      4%         N/A       41%         3
 Ice Form                 Ice/Tmut       4%         N/A       82%         4


Dungeon Overview and Level Annotations

Branches:
Dungeon (1/15)

Altars:


Innate Abilities, Weirdness & Mutations

You cannot wear most types of armour.
You are amphibious.
You can wear up to eight rings at the same time.
Your skin changes colour to match your surroundings (Stealth+).
Your rubbery body absorbs attacks. (AC +1, EV +1)
((You are camouflaged when in or above water. (Stealth+)))
You have tentacles for arms and can constrict up to eight enemies at once.


Message History

Options error: Bad object type '%}\|' for autopickup. (~/.crawlrc:716) Bad channel name for runrest: 'Jiyva says: Divide and consume' Welcome, OTABOTABOTAB the Octopode Transmuter.
The terrific Orb of Zot lies far below, as if waiting for you to find it.
Found a staircase leading out of the dungeon.
You enter the shallow water.
You open the door.
There is an open door here.
A ball python comes into view.
A kobold comes into view. It is wielding a +0 club.
You see here 8 gold pieces.
One of your tentacles grows a vicious spike.
You now have 2/3 mp.
A bat comes into view.
The ball python hisses angrily.
The bat hits you but does no damage.
The ball python bites you but does no damage.
The ball python closely misses you.
The kobold shouts!
You tentacle-slap the ball python but do no damage.
Your grab misses the ball python.
You pierce the ball python.
Your squeeze misses the ball python.
You hear a shout! x2
The bat closely misses you. The ball python completely misses you.
The ball python misses you.
A goblin comes into view. It is wielding a +0 club.
You closely miss the ball python. You grab the ball python.
You pierce the ball python.
You kill the ball python!
The bat barely misses you. The kobold closely misses you.
You tentacle-slap the bat. You grab the bat. You constrict the bat.
The bat closely misses you. The bat hits you but does no damage.
The kobold closely misses you. The bat hits you.
You take 1 damage, and have 12/13 hp.
You barely miss the bat.
Your tentacle spike misses the bat.
Your transformation is almost over.
You constrict the bat.
You kill the bat!
The kobold barely misses you. The kobold attacks as you move away!
The kobold hits you with a +0 club.
You see here 8 gold pieces.
You take 5 damage, and have 7/13 hp.
MASSIVE DAMAGE!!
You are too injured to fight recklessly!
You are too injured to fight recklessly!
You are too injured to fight recklessly!
You tentacle-slap the goblin but do no damage.
You grab the goblin. You constrict the goblin. The goblin barely misses you.
You tentacle-slap the goblin.
You kill the goblin!
You tentacle-slap the kobold.
You kill the kobold!
MP restored: 3 You now have 8 gold pieces.
Things that are here:
a +0 club; 2 stones; a kobold corpse A goblin comes into view.
It is wielding a +0 dagger.
A ball python comes into view.
Your tentacle spike disappears.
The ball python hisses angrily.
The goblin closely misses you.
You see here a ball python corpse.
You closely miss the goblin. Your grab misses the goblin.
The goblin barely misses you. The ball python misses you.
The ball python barely misses you.
You barely miss the goblin. Your grab misses the goblin.
The goblin closely misses you. The ball python bites you.
The ball python grabs you. The ball python constricts you.
You take 4 damage, and have 5/13 hp.
MASSIVE DAMAGE!!
You miscast Beastly Appendage.
You are very lightly contaminated with residual magic.
Nothing appears to happen.
The goblin hits you with a +0 dagger.
* * * LOW HITPOINT WARNING * * *
The ball python bites you.
* * * LOW HITPOINT WARNING * * *
The ball python constricts you.
You die...

#### #. .. ..# #.
#.### #.# ########.
#...###.###........
................### .
#..................
...
###..##.###.##.####
#...###..##.###.##.#
#....g@.)#...##.##.#
#....S.#).......##.#
........###...####..#
##.....## ##.## .##
....... ..# . ##....#
#### ...#.. .#.#.#


You could see a goblin and a ball python.

Vanquished Creatures
  A bat (D:1)
  A goblin (D:1)
  A ball python (D:1)
  A kobold (D:1)
4 creatures vanquished.

Notes
Turn   | Place    | Note
-------+----------+-------------------------------------------
     0 | D:1      | OTABOTABOTAB the Octopode Transmuter began the quest for
                  | the Orb.
     0 | D:1      | Reached XP level 1. HP: 13/13 MP: 3/3
    63 | D:1      | HP: 2/13 [goblin/+0 dagger (4)]
    63 | D:1      | Constricted to death by a ball python

Illustrated notes

Levels and vault maps discovered:
D:1:      lightli_arrival_flooded_house, layout_loops_ring, serial_shops, shop

Action                   || total
-------------------------++-------
Melee: Unarmed           ||     9
       Constrict         ||     3
       Kick              ||     2
 Cast: Beastly Appendage ||     1
Armor: Skin              ||     3
Dodge: Dodged            ||    15

Table legend: (Time is in decaauts)
 A = Elapsed time spent in this place.
 B = Non-inter-level travel time spent in this place.
 C = Inter-level travel time spent in this place.
 D = Time resting spent in this place.
 E = Time spent auto-exploring this place.
 F = Levels seen in this place.
 G = Mean time per level.
                   A        B        C        D        E       F      G
               +--------+--------+--------+--------+--------+-----+--------+
         Total |     62 |     62 |      0 |      0 |     40 |   1 |   62.0 |
       Dungeon |     62 |     62 |      0 |      0 |     40 |   1 |   62.0 |
               +--------+--------+--------+--------+--------+-----+--------+

Top non-repeatable levels by time:
     D:1: 62 daAuts

Table legend:
 A = Kills in this place as a percentage of kills in entire the game.
 B = Kills by you in this place as a percentage of kills by you in the entire game.
 C = Kills by friends in this place as a percentage of kills by friends in the entire game.
 D = Other kills in this place as a percentage of other kills in the entire game.
 E = Experience gained in this place as a percentage of experience gained in the entire game.
 F = Experience gained in this place divided by the number of levels of this place that you have seen.
                   A       B       C       D       E      F
               +-------+-------+-------+-------+-------+----------------------
         Total | 100.0 | 100.0 |   N/A |   N/A | 100.0 |   6.0
       Dungeon | 100.0 | 100.0 |   N/A |   N/A | 100.0 |   6.0
               +-------+-------+-------+-------+-------+----------------------
